 Dungeon Crawl Stone Soup version 0.30.0-5-g1a98f26d00 (webtiles) character file.

Game seed: 2394403125210508827

31505 alexxx the Convoker (level 13, -4/55 HPs)
             Began as a Felid Summoner on May 8, 2023.
             Was an Initiate of Gozag.
             Slain by a vampire mosquito (11 damage)
             ... on level 13 of the Dungeon.
             The game lasted 02:31:58 (32755 turns).

alexxx the Convoker (Felid Summoner)               Turns: 32755, Time: 02:31:58

Health: -4/55      AC:  3    Str:  0    XL:     13   Next: 26%
Magic:  37/37      EV: 24    Int: 26    God:    Gozag
Gold:   1696       SH:  0    Dex: 16    Spells: 15/32 levels left
                                        Lives:  0   Deaths: 3

rFire   x . .        (weapon unavailable)
rCold   + . .        (shield unavailable)
rNeg    . . .        (body armour unavailable)
rPois   .            (helmet unavailable)
rElec   .            (cloak unavailable)
rCorr   .            (gloves unavailable)
SInv    +            (boots unavailable)
Will    +....        P - amulet of magic regeneration
Stlth   ++           m - +6 ring of intelligence
HPRegen 0.29/turn    O - ring of magical power
MPRegen 0.65/turn

%: no passive effects
@: quick
A: very small, claws 1, fangs 3, see invisible, speed 1, shaggy fur 3, stealthy
paws, no weapons or thrown items, no armour, multi-lived, deterioration 1, dopey
1, frail 2, screaming 1, weak 2, heat vulnerability 1
a: Renounce Religion, Potion Petition, Call Merchant, Bribe Branch


You were on level 13 of the Dungeon.
You worshipped Gozag.
Gozag was most pleased with you.
You visited 4 branches of the dungeon, and saw 21 of its levels.

You collected 7428 gold pieces.
You spent 1635 gold pieces at shops.
You paid 4097 gold pieces to Gozag.

Inventory:

Jewellery
 b - the ring "Huaxid" {Drain MP+9 Str+6 Dex+5}
   (You acquired it on level 3 of the Lair of Beasts)

   [ring of magical power]

   Str:       It affects your strength (+6).
   Dex:       It affects your dexterity (+5).
   MP:        It affects your magic capacity (+9).
   Drain:     It drains your maximum health when unequipped.
 m - a +6 ring of intelligence (left paw)
 n - a ring of ice
 r - a ring of fire
 C - a ring of protection from cold
 F - a ring of resist corrosion
 G - an amulet of regeneration
 K - an amulet of faith
 L - a ring of fire
 N - a ring of ice
 O - a ring of magical power (right paw)
 P - an amulet of magic regeneration (around neck)
 Q - a ring of poison resistance
 S - an amulet of reflection
 U - a ring of protection from fire
Wands
 A - a wand of flame (24)
 B - a wand of mindburst (12)
 E - a wand of paralysis (18)
 I - a wand of light (10)
 J - a wand of digging (6)
Scrolls
 c - 2 scrolls of summoning
 d - 6 scrolls of teleportation
 e - 4 scrolls of enchant armour
 g - 5 scrolls of vulnerability
 i - 5 scrolls of fog
 l - 2 scrolls of enchant weapon
 o - 3 scrolls of noise
 x - a scroll of silence
 y - 5 scrolls of amnesia
 D - 4 scrolls of fear
 H - 2 scrolls of torment {unknown}
 M - 2 scrolls of blinking
 R - a scroll of brand weapon {unknown}
 T - a scroll of acquirement
Potions
 a - 4 potions of magic
 f - 2 potions of flight
 h - 2 potions of attraction
 j - 4 potions of haste
 k - 5 potions of degeneration
 p - 3 potions of brilliance
 q - 2 potions of lignification
 s - 3 potions of heal wounds
 t - 8 potions of curing
 u - a potion of might
 v - 3 potions of berserk rage
 w - 3 potions of ambrosia
 z - 3 potions of mutation


   Skills:
 - Level 15.0 Fighting
 + Level 11.3 Dodging
 - Level 2.6 Stealth
 - Level 10.0 Spellcasting
 - Level 5.0 Hexes
 - Level 15.0 Summonings
 * Level 6.3 Transmutations
 + Level 9.8 Air Magic


You had 15 spell levels left.
You knew the following spells:

 Your Spells              Type           Power      Damage    Failure   Level
a - Storm Form            Tmut/Air       26%        N/A       80%         7
b - Call Canine Familiar  Summ           74%        N/A       1%          3
c - Summon Guardian Gole  Hex/Summ       60%        N/A       1%          3
d - Summon Lightning Spi  Summ/Air       67%        N/A       1%          4

Your spell library contained the following spells:

 Spells                   Type           Power      Damage    Failure   Level
 Summon Small Mammal      Summ           100%       N/A       0%          1
 Call Imp                 Summ           100%       N/A       0%          2
 Shock                    Conj/Air       100%       1d9       1%          1
 Cigotuvi's Dreadful Rot  Necr/Pois/Air  60%        N/A       1%          2
 Swiftness                Air            59%        N/A       1%          3
 Tukima's Dance           Hex            39%        N/A       1%          3
 Airstrike                Air            29%        2d(5-21)  1%          4
 Ensorcelled Hibernation  Hex/Ice        52%        N/A       2%          2
 Mephitic Cloud           Conj/Pois/Air  30%        N/A       3%          3
 Spider Form              Tmut/Pois      29%        N/A       3%          3
 Apportation              Tloc           26%        N/A       4%          1
 Magic Dart               Conj           52%        1d5       4%          1
 Ignite Poison            Fire/Tmut/Pois 23%        N/A       6%          3
 Silence                  Hex/Air        25%        N/A       6%          5
 Blink                    Tloc           26%        N/A       7%          2
 Lesser Beckoning         Tloc           26%        N/A       7%          2
 Momentum Strike          Conj/Tloc      26%        3d8       7%          2
 Petrify                  Tmut/Erth      29%        N/A       12%         4
 Yara's Violent Unravell  Hex/Tmut       21%        3d10      12%         5
 Anguish                  Hex/Necr       13%        N/A       16%         4
 Freezing Cloud           Conj/Ice/Air   15%        6-21      32%         5
 Alistair's Intoxication  Tmut/Pois      19%        N/A       34%         5
 Manifold Assault         Tloc           13%        N/A       41%         4
 Passage of Golubria      Tloc           13%        N/A       41%         4
 Metabolic Englaciation   Hex/Ice        13%        N/A       41%         5
 Statue Form              Tmut/Erth      19%        N/A       88%         6
 Dispersal                Tloc           6%         N/A       100%        6
 Disjunction              Tloc           6%         N/A       100%        8
 Lehudib's Crystal Spear  Conj/Erth      6%         10d3      100%        8


Dungeon Overview and Level Annotations

Branches:
Dungeon (13/15)            Temple (1/1) D:6            Lair (5/5) D:8
 Shoals (0/4) Lair:3        Snake (0/4) Lair:3        Slime (0/5) Lair:5
    Orc (2/2) D:11            Elf (0/3) Orc:2
 Vaults: D:13-14

Altars:
Ashenzari
Cheibriados
Dithmenos
Elyvilon
Fedhas
Gozag
Hepliaklqana
Kikubaaqudgha
Makhleb
Nemelex Xobeh
Okawaru
Qazlal
Ru
Sif Muna
Trog
Uskayaw
Vehumet
Wu Jian
Xom
Yredelemnul
Zin
The Shining One

Shops:
D:7 :   D:8 (   Orc:2 ([=*   Lair:1 :   Lair:3 *   Lair:4 *   Lair:5 :


Innate Abilities, Weirdness & Mutations

You have sharp claws.
You have razor-sharp teeth.
You have supernaturally acute eyesight. (SInv)
You cover ground quickly. (Speed+)
Your thick and shaggy fur keeps you warm. (AC +3, rC+)
Your paws help you pounce on unaware monsters.
You are incapable of wielding weapons or throwing items.
You cannot wear armour.
You gain extra lives every three experience levels.
Your body sometimes deteriorates upon taking damage.
You are dopey. (Int -2)
You are very frail. (-20% HP)
You occasionally shout uncontrollably at your foes.
You are very weak. (Str -4)
You are vulnerable to heat. (rF-)


Message History

The vampire mosquito completely misses you.
The vampire mosquito closely misses you.
The vampire mosquito misses you. x2
The vampire mosquito completely misses you.
The vampire mosquito bites you.
The vampire mosquito draws strength from your injuries!
The vampire mosquito completely misses you.
The vampire mosquito closely misses you.
The vampire mosquito bites you!
The vampire mosquito draws strength from your injuries!
The vampire mosquito completely misses you.
The vampire mosquito misses you.
The vampire mosquito closely misses you.
The vampire mosquito barely misses you. The vampire mosquito bites you!
The vampire mosquito draws strength from your injuries!
The vampire mosquito bites you!
The vampire mosquito draws strength from your injuries!
The vampire mosquito bites you.
The vampire mosquito draws strength from your injuries!
The vampire mosquito closely misses you.
Unknown command.
The vampire mosquito completely misses you.
The vampire mosquito barely misses you. x2
The vampire mosquito closely misses you.
The vampire mosquito bites you!
* * * LOW HITPOINT WARNING * * *
The vampire mosquito draws strength from your injuries!
The vampire mosquito closely misses you.
The vampire mosquito completely misses you.
The vampire mosquito buzzes angrily.
You hear an angry buzzing noise.
The vampire mosquito completely misses you.
The vampire mosquito bites you!
* * * LOW HITPOINT WARNING * * *
The vampire mosquito draws strength from your injuries!
The vampire mosquito misses you.
The vampire mosquito completely misses you.
The vampire mosquito barely misses you. The vampire mosquito bites you!
You die...
Your body crumbles into a pile of gold.

#......#...# .. ....
#......#...# ...
#..###......#...#
...####..#.......###'##
#...y.....#.......#....#
#.........#.......'|...#
#.........#..)....#....#
#.......yy#.......#....#
#.......@.#.......#....#
#.........#.......#....#
#.........#.......#....#
#####..###.......#....#
#.##..#.........#....#
#.....#.........#....# .
#.....#.........#
..#.....'.........#
}...###+#.........#


You could see 3 vampire mosquitoes.

Vanquished Creatures
  A giant cockroach (D:2)
  4 bats
  2 rats (D:1)
7 creatures vanquished.

Vanquished Creatures (collateral kills)
  An orc warlord (Orc:2)
  A fire dragon (Lair:5)
  2 ogre magi
  A catoblepas (Lair:5)
  A centaur warrior (D:13)
  2 hydras
  Erica (D:9)
  A boulder beetle (D:12)
  8 two-headed ogres
  4 death yaks
  An orc high priest (Orc:2)
  Sonja (Lair:3)
  Nergalle (D:10)
  2 skysharks
  5 orc knights
  Pikel (D:9)
  A manticore (Lair:5)
  16 elephants
  2 cyclopes (D:13)
  An orc sorcerer (Orc:2)
  A black mamba (Lair:3)
  A water nymph (Lair:3)
  6 cane toads
  A torpor snail (Lair:3)
  2 gargoyles
  3 rime drakes
  Psyche (D:9)
  12 komodo dragons
  4 kobold demonologists
  A freezing wraith (D:9)
  4 trolls
  4 polar bears
  3 hornets
  Prince Ribbit (D:9)
  4 blink frogs
  8 dream sheep
  A vampire (D:11)
  A shadow (D:9)
  A wraith (D:13)
  39 yaks
  5 steam dragons
  5 wyverns
  4 basilisks
  3 vampire mosquitoes
  3 wargs
  4 nagas (Lair:3)
  4 acid dragons
  18 water moccasins
  6 black bears
  An ice beast (D:7)
  A swamp drake (Lair:5)
  24 orc warriors
  5 ogres
  22 wolves
  9 centaurs
  3 phantoms
  Blork the orc (D:6)
  A kobold brigand (D:10)
  2 gnoll sergeants
  4 bullfrogs
  3 scorpions
  3 necrophages (D:4)
  A water moccasin zombie (D:4)
  A wight (D:9)
  7 killer bees
  2 howler monkeys
  A jelly (D:6)
  15 orc priests
  4 hounds
  A human zombie (D:4)
  A gnoll bouda (D:8)
  A sleepcap (D:7)
  Jessica (D:3)
  28 orc wizards
  Natasha (twice) (D:2)
  4 iguanas
  3 hound zombies (D:4)
  2 mummies (D:4)
  12 gnolls
  9 adders
  A shadow imp (D:6)
  A white imp (D:6)
  2 adder zombies (D:4)
  2 worms (D:3)
  A dart slug (D:2)
  52 orcs
  5 ball pythons
  5 endoplasms
  6 giant cockroaches
  10 goblins
  9 hobgoblins
  6 jackals (D:2)
  4 quokkas
  4 frilled lizards
  11 kobolds
496 creatures vanquished.

Vanquished Creatures (others)
  Rupert (Lair:4)
  An ettin (Orc:2)
  Snorg (D:10)
  A hydra (Lair:5)
  2 boulder beetles
  A catoblepas (Lair:5)
  6 two-headed ogres
  A death yak (Lair:3)
  2 deep elf pyromancers (D:12)
  A wolf spider (Lair:5)
  A manticore (Lair:5)
  An orc knight (Orc:2)
  An orc sorcerer (Orc:2)
  7 elephants
  Joseph (D:8)
  2 cane toads (Lair:5)
  A komodo dragon (Lair:1)
  A troll (Orc:2)
  28 yaks
  Edmund (D:4)
  8 orc warriors
  A black bear (D:5)
  6 ogres
  5 wolves
  A kobold brigand (D:9)
  A scorpion (D:3)
  A bullfrog (D:8)
  A killer bee (D:7)
  A hound (D:6)
  2 orc priests
  Natasha (D:2)
  5 iguanas
  4 orc wizards
  5 gnolls
  4 orcs (Orc:2)
107 creatures vanquished.

Grand Total: 610 creatures vanquished

Notes
Turn   | Place    | Note
-------+----------+-------------------------------------------
     0 | D:1      | alexxx the Felid Summoner began the quest for the Orb.
     0 | D:1      | Reached XP level 1. HP: 7/7 MP: 4/4
   237 | D:1      | Reached XP level 2. HP: 12/12 MP: 3/6
   503 | D:1      | Found a faded altar of an unknown god.
  1016 | D:1      | Reached XP level 3. HP: 15/15 MP: 3/7
  1295 | D:1      | Reached skill level 1 in Fighting
  1500 | D:2      | Learned a level 3 spell: Call Canine Familiar
  1947 | D:2      | Noticed Natasha
  1954 | D:2      | Learned a level 3 spell: Summon Guardian Golem
  1981 | D:2      | Killed Natasha
  1982 | D:2      | Reached XP level 4. HP: 19/19 MP: 1/8
  2050 | D:2      | Noticed Natasha
  2061 | D:2      | Killed Natasha
  2062 | D:2      | Reached skill level 1 in Hexes
  2062 | D:2      | Reached skill level 5 in Summonings
  2362 | D:2      | Noticed Natasha
  2372 | D:2      | Killed Natasha
  2373 | D:2      | Reached XP level 5. HP: 22/22 MP: 1/10
  2625 | D:3      | Noticed Jessica
  2632 | D:3      | Killed Jessica
  2733 | D:3      | Found an opulent altar of Gozag.
  2743 | D:3      | Became a worshipper of Gozag Ym Sagoz the Greedy
  2836 | D:3      | You fall into a shaft and drop 1 floor!
  3121 | D:3      | Gained mutation: You are covered in thick fur. (AC +2)
                  | [Felid growth]
  3121 | D:3      | Reached XP level 6. HP: 26/26 MP: 5/12
  3449 | D:4      | Learned a level 4 spell: Summon Lightning Spire
  3544 | D:4      | Found a glowing golden altar of the Shining One.
  3544 | D:4      | Found a shadowy altar of Dithmenos.
  3730 | D:4      | Found a basalt altar of Yredelemnul.
  3813 | D:4      | Noticed Edmund
  3878 | D:4      | Killed Edmund
  3879 | D:4      | Reached skill level 1 in Air Magic
  4063 | D:4      | Reached XP level 7. HP: 30/30 MP: 13/13
  4239 | D:4      | Found an ancient bone altar of Kikubaaqudgha.
  4447 | D:5      | Entered Level 5 of the Dungeon
  4469 | D:5      | Reached XP level 8. HP: 32/34 MP: 2/16
  4695 | D:5      | Reached skill level 5 in Spellcasting
  4868 | D:5      | Reached skill level 5 in Hexes
  5734 | D:5      | Found a hazy altar of Hepliaklqana.
  5742 | D:5      | Found a sparkling altar of Nemelex Xobeh.
  6110 | D:6      | Noticed Blork the orc
  6124 | D:6      | Killed Blork the orc
  6282 | D:6      | Found a staircase to the Ecumenical Temple.
  6307 | Temple   | Entered the Ecumenical Temple
  6594 | D:6      | Reached XP level 9. HP: 39/39 MP: 14/19
  6948 | D:6      | Identified the +4 spear "Gaph" {freeze, Will+}
  7005 | D:6      | Found a burning altar of Makhleb.
  7724 | D:7      | Reached skill level 5 in Fighting
  8424 | D:8      | Noticed Joseph
  8437 | D:8      | Killed Joseph
  8939 | D:8      | Reached XP level 10. HP: 44/44 MP: 15/22
  8956 | D:8      | Reached skill level 5 in Air Magic
  9229 | D:8      | Noticed a two-headed ogre
  9238 | D:8      | Killed a two-headed ogre
  9374 | D:8      | Found a glowing silver altar of Zin.
  9807 | D:8      | Found a staircase to the Lair.
  9871 | D:8      | Found Fosuppu's Antique Weapon Emporium.
 10036 | Lair:1   | Entered Level 1 of the Lair of Beasts
 10250 | Lair:1   | Noticed an elephant
 10252 | Lair:1   | Noticed an elephant
 10253 | Lair:1   | Noticed an elephant
 10257 | Lair:1   | Noticed an elephant
 10259 | Lair:1   | Noticed an elephant
 10259 | Lair:1   | Killed an elephant
 10261 | Lair:1   | Noticed an elephant
 10263 | Lair:1   | Killed an elephant
 10270 | Lair:1   | Killed an elephant
 10272 | Lair:1   | Killed an elephant
 10284 | Lair:1   | Killed an elephant
 10285 | Lair:1   | Reached XP level 11. HP: 49/49 MP: 15/25
 10511 | Lair:1   | Reached skill level 10 in Summonings
 10707 | Lair:1   | Reached skill level 10 in Spellcasting
 11074 | Lair:1   | HP: 2/51 [polar bear (2)]
 11077 | Lair:1   | Slain by a polar bear
 11078 | Lair:1   | Reached XP level 10. HP: 1/48 MP: 21/25
 11546 | Lair:2   | Noticed a cane toad
 11554 | Lair:2   | Killed a cane toad
 11727 | Lair:2   | Noticed a skyshark
 11735 | Lair:2   | Killed a skyshark
 11755 | Lair:2   | Reached skill level 5 in Dodging
 11755 | Lair:2   | Reached XP level 11. HP: 53/53 MP: 13/26
 11894 | Lair:2   | Noticed a boulder beetle
 11908 | Lair:2   | Killed a boulder beetle
 12064 | Lair:2   | Noticed a six-headed hydra
 12072 | Lair:2   | Reached skill level 10 in Fighting
 12075 | Lair:2   | Killed a six-headed hydra
 12883 | Lair:3   | Found a staircase to the Snake Pit.
 13178 | Lair:3   | Noticed a death yak
 13180 | Lair:3   | Noticed a death yak
 13187 | Lair:3   | Killed a death yak
 13188 | Lair:3   | Gained mutation: Your thick and shaggy fur keeps you warm.
                  | (AC +3, rC+) [Felid growth]
 13188 | Lair:3   | Reached XP level 12. HP: 60/60 MP: 20/27
 13188 | Lair:3   | Killed a death yak
 13416 | Lair:3   | Identified a scroll of acquirement
 13416 | Lair:3   | Acquired the ring "Huaxid" {Drain MP+9 Str+6 Dex+5}
 13690 | Lair:3   | Found a staircase to the Shoals.
 13694 | Lair:3   | Noticed Sonja
 13723 | Lair:3   | Killed Sonja
 14021 | Lair:3   | Bought a scroll of identify for 22 gold pieces
 14316 | Lair:4   | Noticed Rupert
 14338 | Lair:4   | Killed Rupert
 15273 | Lair:4   | Reached XP level 13. HP: 65/65 MP: 23/28
 15893 | Lair:4   | Bought a potion of brilliance for 100 gold pieces
 15893 | Lair:4   | Bought a sapphire potion for 22 gold pieces
 15893 | Lair:4   | Bought a scroll labelled COLYREMOCA for 25 gold pieces
 15898 | Lair:5   | Entered Level 5 of the Lair of Beasts
 17469 | Lair:5   | Found a staircase to the Slime Pits.
 17756 | Lair:5   | Reached skill level 15 in Summonings
 19635 | Lair:5   | HP: 1/53 [swamp dragon (3)]
 19640 | Lair:5   | HP: 1/53 [poisoned by a swamp dragon (poison gas)]
 19645 | Lair:5   | HP: 2/53 [poisoned by a swamp dragon (poison gas)]
 19781 | Lair:5   | Noticed a fire dragon
 19795 | Lair:5   | Killed a fire dragon
 19884 | Lair:5   | Identified the +2 dagger "Kuzeimp" {speed, rCorr Dex+2}
 20111 | D:9      | Noticed Psyche
 20120 | D:9      | Killed Psyche
 20365 | D:9      | Noticed Prince Ribbit
 20387 | D:9      | Killed Prince Ribbit
 20527 | D:9      | Noticed Pikel
 20541 | D:9      | Killed Pikel
 20542 | D:9      | Reached XP level 14. HP: 59/70 MP: 20/29
 20818 | Lair:1   | Bought an Inescapable Atlas for 416 gold pieces
 20826 | Lair:1   | Learned a level 7 spell: Storm Form
 20916 | D:10     | Entered Level 10 of the Dungeon
 21037 | D:9      | Noticed Erica
 21051 | D:9      | Killed Erica
 21210 | D:9      | Reached skill level 1 in Transmutations
 21443 | D:9      | Reached skill level 10 in Dodging
 22420 | D:10     | Noticed Nergalle
 22468 | D:10     | Killed Nergalle
 22605 | D:10     | Noticed Snorg
 22627 | D:10     | Killed Snorg
 22965 | D:10     | Found an ornate altar of the Wu Jian Council.
 24228 | D:11     | Found a staircase to the Orcish Mines.
 24312 | Orc:1    | Entered Level 1 of the Orcish Mines
 24651 | Orc:2    | Entered Level 2 of the Orcish Mines
 24696 | Orc:2    | Found a staircase to the Elven Halls.
 25043 | Orc:2    | Noticed an orc warlord
 25051 | Orc:2    | Mangled by an orc warrior
 25052 | Orc:2    | Reached XP level 13. HP: -10/68 MP: 13/28
 25256 | Orc:2    | Found Qavan's Jewellery Boutique.
 25364 | Orc:2    | Reached skill level 5 in Transmutations
 25459 | Orc:2    | Found Sucu's General Store.
 25478 | Orc:2    | Bought a ring of magical power for 300 gold pieces
 25478 | Orc:2    | Bought an amulet of magic regeneration for 450 gold pieces
 25478 | Orc:2    | Bought a ring of poison resistance for 300 gold pieces
 25785 | Orc:2    | Found Tyudasep's Antique Armour Boutique.
 26363 | Orc:2    | Found Weoti's Antique Weapon Boutique.
 27104 | Orc:2    | Killed an orc warlord
 27105 | Orc:2    | Reached XP level 14. HP: 39/72 MP: 29/29
 28403 | Orc:2    | Gained mutation: You are weak. (Str -2) [mutagenic glow]
 28421 | Orc:2    | Gained mutation: Your body sometimes deteriorates upon
                  | taking damage. [mutagenic glow]
 28433 | Orc:2    | Gained mutation: You are dopey. (Int -2) [mutagenic glow]
 28611 | Orc:2    | HP: 3/72 [themself (31)]
 29033 | Orc:2    | Gained mutation: You are frail. (-10% HP) [mutagenic glow]
 29043 | Orc:2    | Gained mutation: You occasionally shout uncontrollably at
                  | your foes. [mutagenic glow]
 29106 | Orc:2    | Gained mutation: You are vulnerable to heat. (rF-)
                  | [mutagenic glow]
 29827 | Orc:2    | Lost strength.
 29827 | Orc:2    | Gained mutation: You are very weak. (Str -4) [mutagenic
                  | glow]
 29835 | Orc:2    | Gained mutation: You are very frail. (-20% HP) [mutagenic
                  | glow]
 31609 | D:12     | Reached skill level 15 in Fighting
 32640 | D:13     | HP: 2/58 [centaur warrior/arrow (27)]
 32738 | D:13     | Shot with an arrow by a centaur warrior
 32739 | D:13     | Reached XP level 13. HP: -4/55 MP: 34/37
 32755 | D:13     | Slain by a vampire mosquito

Illustrated notes

Levels and vault maps discovered:
D:1:      minmay_arrival_cross, layout_loops_ring,
          chequers_ecumenical_altar_lobes, minmay_tetromino_t2
D:2:      layout_loops_ring, uniq_natasha
D:3:      layout_rooms, mainiacjoe_overflow_alcove_4, uniq_jessica
D:4:      layout_basic, lemuel_mausoleum_altar_kikubaaqudgha,
          chequers_temple_overflow_statue_of_worship, yredelemnul_altar_generic,
          kennysheep_path_1, uniq_edmund
D:5:      layout_basic, mainiacjoe_overflow_big_doors
D:6:      nicolae_cairo_tiling_very_big, layout_rooms, makhleb_grotto_becter,
          temple_statues, grunt_ministairs_6, uniq_blork_the_orc
D:7:      layout_basic
D:8:      layout_basic, kennysheep_little_box, minmay_lair_entry_grove,
          serial_shops, shop, kennysheep_generic_room_10, uniq_joseph
D:9:      layout_gridville, evilmike_minifort, uniq_psyche, uniq_pikel,
          uniq_erica, uniq_prince_ribbit1
D:10:     layout_layer_cave, nzn_wu_jian_council_hall, enter_bailey_4,
          uniq_snorg, uniq_nergalle
D:11:     layout_rooms, orc_0_dummy
D:12:     layout_long_grid
D:13:     layout_gridville, david_vaults_3, portal_ice_cave_rime
Temple:   hellmonk_temple_flake
Lair:1:   layout_chaotic_city
Lair:2:   layout_regular_city
Lair:3:   layout_hall_layers, nicolae_shoals_entry_flooding,
          minmay_snake_entry_guardpost_small, grunt_megastairs_3, uniq_sonja
Lair:4:   layout_cave_pods, gauntlet_entry_generic, grunt_megastairs_1,
          uniq_rupert
Lair:5:   hangedman_lair_in_review, layout_cave_shapes,
          guppyfry_lair_end_dragon, slime_entry_1, serial_bayou_shore_b,
          lemuel_fruit_tree
Orc:1:    layout_diamond_mine
Orc:2:    grunt_orc_cross, layout_caves, guppyfry_library_mini

Skill      XL: |  1  2  3  4  5  6  7  8  9 10 11 12 13 14 |
---------------+-------------------------------------------+-----
Fighting       | 1 2 3 4 5 9 11 12 14 15 | 15.0
Hexes          | 1 2 3 4 5 |  5.0
Summonings     | 5 6 7 8 9 10 13 15 | 15.0
Dodging        | 3 5 6 7 11 10 | 11.3
Spellcasting   | 3 4 6 7 9 10 | 10.0
Air Magic      | 1 2 3 4 6 7 9 8 |  9.8
Transmutations | 5 6 |  6.3
Stealth        | |  2.6

Action                     |  1- 3 |  4- 6 |  7- 9 | 10-12 | 13-15 || total
---------------------------+-------+-------+-------+-------+-------++-------
  Melee: Unarmed           |    16 |     1 |     1 |       |     7 ||    25
         Bite              |     3 |       |       |       |       ||     3
   Cast: Summon Small Mamm |    71 |     4 |       |       |       ||    75
         Call Canine Famil |     5 |    14 |    32 |    44 |    96 ||   191
         Summon Guardian G |     1 |    11 |    31 |    62 |   117 ||   222
         Summon Lightning  |       |       |    21 |    57 |   121 ||   199
         Storm Form        |       |       |       |       |     2 ||     2
 Invoke: Call Merchant     |       |       |     1 |     2 |     2 ||     5
    Use: Scroll            |       |     5 |     2 |     8 |    14 ||    29
         Potion            |       |       |       |     3 |    13 ||    16
   Stab: Sleeping          |     2 |       |       |       |       ||     2
         Betrayed ally     |       |       |       |       |     1 ||     1
 Armour: Skin              |     4 |     1 |     2 |     2 |    10 ||    19
  Dodge: Dodged            |    54 |    10 |    39 |    58 |   170 ||   331
